Map: Cyber Forest LE

Players

pheonix - Winner!

  • Race: Zerg Zerg
  • League: Silver
  • Spawn Location: 5:00

Throwfordays

  • Race: Protoss Protoss
  • League: Silver
  • Spawn Location: 11:00

VOD

Have the link to the VOD?

Description

Time

  • Played on: Feb. 10, 2019, 10:04 p.m.
  • Length: 21:29
Show
View Real Time Build Order
Export as new Build Order

pheonix Zerg - Winner!

Build Orders: Hatch First 

Get SALT Encoding   

  12  0:08  Drone  
  13  0:18  Drone  
  14  0:40  Hatchery  
  14  0:42  Drone  
  14  0:46  Extractor  
  14  0:47  Drone  
  14  0:56  Overlord  
  14  1:23  Drone x3  
  17  1:50  Spawning Pool  
  16  1:56  Evolution Chamber  
  16  2:01  Drone  
  16  2:06  Drone  
  17  2:10  Drone x2  
  17  2:11  Drone  
  20  2:23  Zerg Missile Weapons Level 1  
  20  2:46  Roach Warren  
  20  2:47  Drone x3  
  20  2:50  Drone  
  20  2:51  Drone x2  
  25  2:59  Extractor  
  25  3:04  Lair  
  24  3:07  Queen  
  26  3:26  Roach  
  28  3:27  Overlord  
  28  3:28  Overlord  
  28  3:58  Drone x3  
  31  4:03  Queen  
  31  4:05  Roach x3  
  39  4:20  Spore Crawler  
  39  4:23  Spore Crawler  
  37  4:26  Drone x5  
  42  4:31  Overlord  
  42  4:44  Overlord x2  
  42  4:52  Glial Reconstitution  
  42  4:55  Zerg Ground Armor Level 1  
  42  4:57  Roach  
  42  4:59  Roach x3  
  52  5:00  Roach  
  52  5:02  Overlord x2  
  52  5:26  Roach x2  
  56  5:32  Drone x3  
  56  5:33  Drone x2  
  61  5:48  Roach x2  
  65  5:50  Roach  
  65  5:51  Roach x3  
  73  6:05  Drone  
  73  6:06  Drone x3  
  77  6:21  Hatchery  
  76  6:28  Roach x4  
  76  6:29  Overlord  
  84  6:44  Overlord  
  84  6:45  Overlord x3  
  84  6:46  Overlord  
  84  6:47  Hatchery  
  83  6:48  Pneumatized Carapace  
  77  7:31  Queen  
  63  7:57  Roach  
  63  7:58  Roach x5  
  75  8:01  Roach  
  75  8:02  Roach x2  
  81  8:11  Overseer  
  81  8:13  Overseer  
  81  8:15  Roach  
  83  8:22  Hydralisk Den  
  83  8:26  Drone  
  83  8:27  Drone  
  83  8:30  Extractor  
  83  8:31  Extractor  
  82  8:42  Drone x3, Hatchery  
  82  8:48  Queen  
  86  8:52  Queen  
  88  8:58  Drone x3  
  88  9:02  Roach x3  
  97  9:09  Zerg Missile Weapons Level 2  
  97  9:18  Muscular Augments  
  97  9:20  Hydralisk x2  
  97  9:21  Hydralisk x4  
  97  9:23  Queen  
  97  9:24  Overlord  
  111  9:26  Overlord  
  111  9:27  Overlord  
  111  9:31  Drone x3  
  114  10:15  Hydralisk x2  
  114  10:16  Hydralisk  
  120  10:25  Drone x2  
  120  10:26  Drone  
  123  10:29  Queen, Grooved Spines  
  123  10:32  Drone x3  
  123  10:33  Drone x2  
  130  10:59  Drone x3  
  133  11:05  Queen  
  133  11:08  Extractor  
  133  11:09  Extractor  
  133  11:11  Hydralisk  
  133  11:12  Hydralisk x5  
  133  11:15  Hydralisk x4  
  133  11:16  Hydralisk  
  155  11:24  Zerg Ground Armor Level 2  
  133  11:52  Hydralisk  
  133  11:53  Hydralisk x2  
  139  12:15  Roach x2  
  143  12:16  Roach  
  143  12:18  Drone x4  
  139  12:46  Roach x3  
  139  12:54  Drone x3  
  139  12:55  Drone x2  
  144  13:07  Hydralisk  
  146  13:12  Hydralisk  
  146  13:13  Hydralisk x2  
  152  13:29  Overlord x3  
  152  13:56  Drone x2  
  152  13:58  Extractor  
  152  13:59  Extractor  
  152  14:06  Overlord x3  
  152  14:07  Hydralisk  
  152  14:08  Hydralisk  
  156  14:26  Drone x2, Hydralisk  
  156  14:27  Hydralisk x3  
  156  14:30  Hatchery  
  156  14:31  Roach x3  
  171  14:41  Roach  
  171  14:42  Roach x2  
  177  14:47  Drone  
  177  14:48  Drone x5  
  183  15:08  Roach x2  
  183  15:09  Roach  
  183  15:12  Drone  
  183  15:13  Drone x2  
  126  15:50  Hydralisk x2  
  126  15:51  Hydralisk  
  126  15:55  Roach x3  
  138  16:01  Roach  
  138  16:02  Roach x2  
  144  16:05  Hydralisk x2  
  144  16:06  Hydralisk  
  124  16:43  Drone  
  124  16:44  Drone x2  
  121  16:50  Hydralisk x3  
  121  16:53  Hydralisk  
  127  16:54  Hydralisk x5  
  139  17:03  Hydralisk  
  139  17:04  Hydralisk x5  
  139  17:07  Hydralisk  
  139  17:08  Hydralisk x2  
  157  17:13  Queen  
  159  17:16  Drone x2  
  161  17:35  Roach  
  161  17:36  Roach x4  
  171  17:38  Hydralisk  
  171  17:39  Hydralisk x4  
  171  17:43  Hydralisk x5  
  191  17:47  Drone  
  191  17:48  Drone x2  
  191  17:49  Queen  
  196  18:24  Infestation Pit  
  191  18:32  Evolution Chamber  
  146  19:21  Roach  
  146  19:22  Roach x5  
  146  19:23  Hydralisk  
  160  19:24  Hydralisk x5  
  160  19:27  Hydralisk x4  
  160  19:28  Hydralisk x4  
  186  19:31  Hydralisk  
  186  19:32  Hydralisk x6  
  200  20:15  Extractor, Hatchery  
  200  20:17  Extractor  
  135  21:10  Roach  
  151  21:19  Spire  
  151  21:22  Spire  
Show
View Real Time Build Order
Export as new Build Order

Throwfordays Protoss 

Build Orders:  

Get SALT Encoding   

  12  0:00  Probe  
  13  0:16  Pylon  
  13  0:19  Probe  
  14  0:31  Probe  
  15  0:40  Gateway  
  15  0:43  Probe  
  16  0:55  Assimilator, Probe  
  17  1:07  Probe  
  18  1:19  Probe  
  19  1:27  Cybernetics Core  
  19  1:31  Probe  
  20  1:44  Warp Gate, Probe  
  20  1:45  Pylon  
  21  1:55  Nexus  
  21  2:10  Assimilator, Probe  
  22  2:22  Probe  
  23  2:23  Gateway  
  23  2:34  Forge, Probe  
  24  2:41  Pylon  
  24  2:48  Pylon  
  24  2:57  Probe  
  25  3:04  Probe  
  25  3:06  Twilight Council, Probe  
  25  3:12  Probe  
  27  3:14  Probe  
  29  3:22  Probe  
  29  3:23  Probe  
  31  3:34  Probe  
  31  3:35  Probe  
  33  3:46  Probe  
  33  3:48  Probe  
  35  3:57  Gateway  
  35  3:58  Probe  
  35  4:00  Probe  
  37  4:03  Photon Cannon  
  37  4:09  Photon Cannon  
  37  4:10  Probe  
  37  4:12  Probe  
  37  4:16  Photon Cannon  
  38  4:22  Probe  
  40  4:24  Assimilator, Probe  
  40  4:25  Assimilator, Blink  
  40  4:34  Probe  
  40  4:35  Protoss Ground Weapons Level 1, Pylon  
  40  4:37  Pylon  
  41  4:40  Pylon  
  41  4:45  Stalker  
  41  4:46  Stalker  
  45  4:55  Pylon  
  45  5:01  Pylon  
  45  5:10  Probe  
  45  5:12  Probe  
  47  5:17  Forge, Cybernetics Core  
  47  5:22  Probe  
  47  5:27  Robotics Facility  
  48  5:29  Dark Shrine  
  48  5:34  Probe  
  49  5:43  Probe  
  49  5:47  Pylon  
  50  5:53  Stalker  
  50  5:54  Stalker  
  50  5:55  Stalker  
  56  6:09  Nexus  
  56  6:13  Assimilator  
  56  6:17  Assimilator, Protoss Ground Armor Level 1, Stalker  
  56  6:18  Stalker  
  60  6:20  Stalker  
  60  6:21  Pylon  
  62  6:26  Protoss Ground Weapons Level 2, Stargate, Resonating Glaives  
  62  6:28  Observer  
  63  6:52  Gateway  
  63  6:53  Gateway  
  63  7:01  Stalker  
  63  7:02  Stalker x2  
  69  7:27  Stalker x3  
  55  7:57  Stalker x3  
  55  7:58  Stalker  
  61  8:00  Probe  
  61  8:03  Probe  
  63  8:06  Charge, Probe  
  63  8:12  Probe  
  65  8:15  Probe  
  65  8:18  Probe  
  65  8:19  Robotics Facility  
  67  8:22  Robotics Facility  
  67  8:24  Probe  
  68  8:27  Probe  
  68  8:28  Protoss Ground Armor Level 2  
  68  8:31  Probe  
  69  8:37  Probe  
  69  8:38  Observer  
  69  8:39  Probe  
  72  8:42  Stalker x2  
  72  8:43  Stalker x2, Probe  
  81  8:49  Probe  
  81  8:52  Probe  
  81  8:55  Probe  
  84  8:56  Pylon  
  84  8:58  Pylon  
  84  8:59  Observer  
  84  9:00  Pylon  
  84  9:01  Protoss Ground Weapons Level 3, Probe  
  86  9:04  Probe  
  87  9:10  Dark Templar x3  
  87  9:11  Dark Templar  
  87  9:13  Probe  
  87  9:16  Probe  
  97  9:22  Archon  
  97  9:23  Archon  
  97  9:28  Probe  
  98  9:32  Gateway  
  98  9:34  Gateway  
  98  9:38  Probe  
  98  9:40  Probe  
  108  9:50  Probe  
  97  10:00  Dark Templar  
  97  10:01  Dark Templar  
  97  10:02  Dark Templar  
  97  10:03  Dark Templar  
  105  10:08  Archon  
  105  10:09  Archon  
  98  10:16  Immortal  
  90  10:29  Stalker x2  
  94  10:38  Pylon  
  94  10:39  Pylon  
  94  10:41  Pylon  
  94  10:45  Protoss Ground Armor Level 3  
  94  10:55  Stalker x3  
  94  10:56  Stalker x2  
  104  10:57  Stalker  
  106  11:11  Pylon  
  106  11:14  Pylon  
  94  11:45  Protoss Shields Level 1  
  90  11:52  Zealot  
  90  11:53  Zealot x5  
  102  12:03  Immortal  
  106  12:12  Robotics Facility  
  97  12:43  Zealot x4  
  100  12:44  Zealot x2  
  104  13:05  Immortal x2  
  112  13:11  Nexus  
  112  13:14  Assimilator  
  112  13:16  Assimilator  
  112  13:18  Pylon, Zealot  
  112  13:19  Zealot x5  
  124  14:00  Probe  
  125  14:03  Probe  
  126  14:12  Probe  
  126  14:14  Observer x2  
  129  14:24  Probe  
  130  14:48  Zealot x5  
  130  14:49  Zealot  
  142  14:59  Nexus  
  110  15:29  Protoss Shields Level 2  
  62  15:48  Zealot x4  
  62  15:49  Zealot x2  
  64  15:53  Probe  
  65  16:08  Robotics Bay  
  65  16:10  Zealot x3  
  65  16:11  Zealot x3  
  55  16:31  Zealot x2  
  55  16:32  Zealot x4  
  65  16:41  Probe  
  66  16:47  Probe  
  66  16:54  Probe  
  68  16:57  Assimilator  
  68  16:59  Probe  
  68  17:00  Extended Thermal Lance  
  68  17:01  Assimilator  
  69  17:06  Colossus x2, Probe  
  82  17:11  Probe  
  83  17:18  Probe  
  85  17:30  Probe  
  85  17:34  Zealot x3  
  85  17:35  Zealot x3  
  97  17:42  Probe  
  98  17:54  Probe  
  99  17:58  Zealot x4  
  99  17:59  Colossus x2  
  99  18:01  Zealot  
  99  18:03  Zealot  
  123  18:06  Probe  
  63  19:03  Colossus x2  
  66  19:39  Nexus  
  66  19:48  Robotics Facility  
  66  19:49  Robotics Facility  
  66  19:57  Nexus  
  66  19:59  Assimilator  
  66  20:03  Assimilator  
  66  20:04  Pylon  
  66  20:05  Pylon  
  66  20:08  Zealot  
  66  20:09  Zealot x4  
  39  20:59  Zealot x4  
  39  21:00  Zealot x2  
Tags
 
Matchup
PvZ
Replay Pack
Multiplayer
Spawn Locations
Cross Positions
Add a new tag
Caveats
  • Supply blocks, unpowered buildings, or Contaminate may cause inaccurate times.
  • Supply counts are checked every 10 seconds.